AoeStats
← Mukava2

Black Forest

506622880Analyzed
2v2 RM · 17d ago on Sep 14, 2026· 32m 19s· 4 players
Game mode
Random Map
Map size
Medium (4 player)
Population
200
Speed
Normal
Resources
Standard
Victory
Conquest
Starting age
Dark Age
Ending age
Imperial Age
RankedLock teamsTeams togetherTeam positionsShared explorationLock speedFull tech treeHidden civsTurbo modeCheats
Victory
Defeat
🇹🇼 Persians · Taiwan
743
+16
🇮🇳 Britons · India
710
+18
🇪🇸 Koreans · Spain
765
-45
🇨🇿 Japanese · Czechia
733
-16
R3zik
8:31 Loom
10:19 Feudal Age
11:07 Horse Collar
11:14 Double-Bit Axe
12:56 Wheelbarrow
23:20 Castle Age
23:36 Scale Mail Armor
23:38 Padded Archer Armor
23:29 Fletching
23:50 Forging
24:23 Bow Saw
25:28 Heavy Plow
25:50 Man-at-Arms
27:48 Pikeman
28:47 Squires
28:55 Arson
30:37 Hand Cart
34:00 Imperial Age
31:07 Elite Skirmisher
Mukava2
9:41 Loom
13:06 Feudal Age
19:27 Castle Age
17:15 Horse Collar
18:12 Double-Bit Axe
21:29 Bow Saw
22:25 Heavy Plow
24:12 Wheelbarrow
White Walker
0:29 Loom
12:25 Feudal Age
12:59 Double-Bit Axe
13:10 Stone Mining
14:14 Horse Collar
14:29 Gold Mining
21:33 Castle Age
24:34 Fletching
24:44 Padded Archer Armor
25:28 Gold Shaft Mining
25:06 Bow Saw
28:20 Bodkin Arrow
28:41 Leather Archer Armor
33:39 Imperial Age
斯巴拉系~
1:05 Loom
13:27 Feudal Age
13:33 Feudal Age
18:28 Castle Age
16:41 Double-Bit Axe
19:12 Bow Saw
19:20 Forging
20:15 Husbandry
22:09 Horse Collar
25:47 Bloodlines
28:02 Iron Casting
27:33 Scale Barding Armor
28:27 Wheelbarrow
29:40 Kamandaran
30:30 Heavy Plow
32:14 Gold Mining
Connection lost

Rejoining the realm…

Still unreachable

The connection could not be restored.

Session expired

The server has moved on; the page needs a fresh start.